Cogmind - Beta 14 @@@ ROGUE MODE // 2024.11.03 @ 18:21:46 Player: Shimmyarah Result: Self-destructed Performance ------------- Evolutions (1) 500 Regions Visited (3) 600 Robots Destroyed (12) 60 Value Destroyed (233) 233 Prototype IDs (2) 40 Alien Tech Used (0) 0 Bonus (0) 0 TOTAL SCORE: 1433 Bonus ------- None Cogmind --------- Core Integrity 388/400 Matter 247/300 Energy 3/100 System Corruption 0% Temperature Cool (0) Movement Treading (160) Location -9/Materials Parts ------- > --- POWER (2) -------- (None) > --- PROPULSION (2) --- Light Treads Light Treads > --- UTILITY (3) ------ Experimental Sensor Array Terrain Scanner > --- WEAPON (2) ------- Improved Medium Laser Rocket Launcher > --- INVENTORY (5) ---- Terrain Scan Processor Light Assault Rifle Light Assault Rifle Light Assault Rifle Mining Laser Peak State ------------ > --- POWER ------------ (None) > --- PROPULSION ------- Light Treads Light Treads > --- UTILITY ---------- Experimental Sensor Array Terrain Scanner > --- WEAPON ----------- Improved Medium Laser Rocket Launcher > --- INVENTORY -------- Terrain Scan Processor Light Assault Rifle Light Assault Rifle Light Assault Rifle Mining Laser [Rating: 17] Favorites ----------- Power Ion Engine Engine Ion Engine Propulsion Light Treads Treads Light Treads Utility Experimental Sensor Array Device Experimental Sensor Array Weapon Light Assault Rifle Energy Gun Improved Medium Laser Ballistic Gun Light Assault Rifle Launcher Rocket Launcher Special Weapon Mining Laser Build | -11 -10 -10 -9 ------- Run | Yrd Mat Min Mat Slots Evolved 2 | . . . 2 Power 1 | . . . 1 Propulsion . | . . . . Utility 1 | . . . 1 Weapon . | . . . . Parts Attached 10 | 5 . 3 2 Power 1 | 1 . . . Engine 1 | 1 . . . Core . | . . . . Reactor . | . . . . Propulsion 2 | 2 . . . Treads 2 | 2 . . . Leg . | . . . . Wheel . | . . . . Hover . | . . . . Flight . | . . . . Utility 2 | . . 2 . Device 2 | . . 2 . Storage . | . . . . Processor . | . . . . Hackware . | . . . . Protection . | . . . . Artifact . | . . . . Weapon 5 | 2 . 1 2 Energy Gun 2 | 1 . . 1 Energy Cannon . | . . . . Ballistic Gun 1 | 1 . . . Ballistic Cannon . | . . . . Launcher 1 | . . . 1 Special Weapon 1 | . . 1 . Impact Weapon . | . . . . Slashing Weapon . | . . . . Piercing Weapon . | . . . . Special Melee Weapon . | . . . . Unidentified Prototypes 2 | . . 1 1 Parts Lost 2 | . 1 1 . Power 1 | . . 1 . Propulsion . | . . . . Utility . | . . . . Weapon 1 | . 1 . . Highest Loss Streak 1 | . 1 1 . To Critical Strikes . | . . . . Average Slot Usage (%) 66 | . 67 68 63 Engine 5 | . 14 7 . Treads 25 | . 28 28 22 Device 16 | . . 15 22 Energy Gun 4 | . 10 . 6 Ballistic Gun 8 | . 14 14 2 Launcher 2 | . . . 6 Special Weapon 2 | . . 2 4 Peak Build Rating 17 | 5 5 14 17 Average Rating 12 | 4 4 12 15 On Entrance 5 | . 5 4 14 Naked Turns . | . . . . Heaviest Build 9 | 8 8 7 9 Greatest Support 40 | 40 40 40 40 Greatest Overweight (x) 2 | 2 . . . Average Overweight (x) . | . . . . Largest Inventory Capacity 5 | 5 5 5 5 Average Capacity 5 | 5 5 5 5 Most Carried 5 | 3 . 5 5 Average Carried 2 | . . 1 4 Final Capacity 5 | 5 5 5 5 Final Carried 5 | . . 4 5 Class Distribution -------------------- 100% | Mutant Dominant Class ---------------- Mutant | -10/Materials Mutant | -10/Mines Mutant | -9/Materials Resources | -11 -10 -10 -9 ----------- Run | Yrd Mat Min Mat Matter Collected 323 | 223 32 47 21 Remotely . | . . . . Salvage Created 315 | 103 98 44 70 Parts 26 | 12 6 5 3 Haulers Intercepted . | . . . . Recyclers Shooed . | . . . . Parts Field Recycled . | . . . . Retrieved Matter . | . . . . Parts Self-Destructed . | . . . . Prevented . | . . . . Kills | -11 -10 -10 -9 ------- Run | Yrd Mat Min Mat Combat Hostiles Destroyed 7 | . 2 2 3 Guns 4 | . 2 2 . AOE 3 | . . . 3 Classes Destroyed 6 | 3 1 2 . Worker 2 | 2 . . . Builder 1 | . . 1 . Tunneler 1 | 1 . . . Recycler 1 | 1 . . . Swarmer 2 | . . 2 . Grunt 5 | . 2 . 3 Best Kill Streak 3 | 2 1 1 3 Combat Bots Only 3 | . 1 1 3 Max Kills in Single Turn 2 | 2 1 1 2 Gunslinging . | . . . . Exploded 2 | . . . 2 Melee . | . . . . Uniques/NPCs Destroyed . | . . . . Combat | -11 -10 -10 -9 -------- Run | Yrd Mat Min Mat Hostile Shots Fired 67 | . 10 46 11 Missed 23 | . 3 15 5 Damage Taken 516 | 16 171 248 81 Core 86 | 16 . 58 12 Absorbed by Shields . | . . . . Core Remaining (%) 81 | 93 . 70 . Volleys Fired 57 | 12 5 35 5 Largest 2 | 2 2 1 2 Hottest 100 | 60 60 20 100 Shots Fired 77 | 24 10 35 8 Gun 73 | 24 10 35 4 Cannon . | . . . . Launcher 3 | . . . 3 Special 1 | . . . 1 Kinetic 53 | 12 5 35 1 Thermal 4 | . . . 4 Explosive 3 | . . . 3 Electromagnetic 17 | 12 5 . . Robot Hit Streak 6 | 6 2 3 1 Robot Miss Streak 5 | 2 2 5 3 Penetration Max . | . . . . Secondary Targets 1 | . 1 . . Max Gunslinging Chain 1 | . 1 . . Shots Hit Robots 37 | 14 4 16 3 Core Hits 20 | 6 4 6 4 Critical Kills . | . . . . Critical Parts Destroyed . | . . . . Critical Strikes . | . . . . Melee Attacks . | . . . . Impact . | . . . . Slashing . | . . . . Piercing . | . . . . Sneak Attacks . | . . . . Combat Hostiles . | . . . . Follow-up Attacks . | . . . . Damage Inflicted 694 | 222 47 134 291 Guns 337 | 156 47 134 . Cannons . | . . . . Explosions 357 | 66 . . 291 Melee . | . . . . Ramming . | . . . . Kinetic 220 | 64 22 134 . Thermal 66 | 66 . . . Explosive 291 | . . . 291 Electromagnetic 117 | 92 25 . . Impact . | . . . . Slashing . | . . . . Piercing . | . . . . Highest Corruption . | . . . . Average Corruption . | . . . . Corruption Purged . | . . . . Corruption Blocked . | . . . . Overload Shots . | . . . . Overflow Damage . | . . . . Projectiles . | . . . . Explosions . | . . . . Melee . | . . . . Knockbacks . | . . . . Impact . | . . . . Kinetic . | . . . . Secondary . | . . . . Self-Inflicted Damage 16 | 16 . . . Shots 1 | 1 . . . Rammed . | . . . . Targets Rammed . | . . . . Kicked . | . . . . Crushed . | . . . . Highest Temperature 50 | 32 50 . 15 Average Temperature 16 | 15 24 . 9 Received Heat Transfer 60 | . 42 . 18 Siege Activations . | . . . . Robots Corrupted . | . . . . Combat Hostiles . | . . . . Parts Fried . | . . . . Impact Corruptions . | . . . . Robots Melted . | . . . . Combat Hostiles . | . . . . Parts Melted . | . . . . Heat Transferred 100 | 100 . . . Parts Sabotaged . | . . . . Parts Stolen . | . . . . Parts Stripped . | . . . . Power Chain Reactions 1 | 1 . . . Alert | -11 -10 -10 -9 ------- Run | Yrd Mat Min Mat Peak Influence 123 | 20 88 50 123 Initial 30 | . 13 30 19 Average 33 | 9 36 37 35 Maximum Alert Level . | . . . . Low Security (%) 100 | 100 100 100 100 Level 1 . | . . . . Level 2 . | . . . . Level 3 . | . . . . Level 4 . | . . . . Level 5 . | . . . . High Security . | . . . . Max Security . | . . . . Squads Dispatched 3 | . 2 . 1 Investigation 1 | . 1 . . Extermination . | . . . . Reinforcement 2 | . 1 . 1 Assault . | . . . . Garrison . | . . . . Intercept . | . . . . Searches Triggered . | . . . . Construction Impeded . | . . . . Haulers Reinforced . | . . . . Active Scanning Responses . | . . . . Cargo Convoy Interrupts . | . . . . Stealth | -11 -10 -10 -9 --------- Run | Yrd Mat Min Mat Distress Signals 1 | . 1 . . Communications Jammed . | . . . . Distress Signals . | . . . . Times Spotted 12 | . 3 3 6 Peak Tracking Total 3 | . 2 3 2 Tactical Retreats . | . . . . Traps | -11 -10 -10 -9 ------- Run | Yrd Mat Min Mat Traps Triggered 1 | . 1 . . Indirectly . | . . . . Trap Hack Attempts . | . . . . Triggered . | . . . . Disarmed . | . . . . Reprogrammed . | . . . . Reused . | . . . . Traps Extracted . | . . . . Installed . | . . . . Triggered . | . . . . Machines | -11 -10 -10 -9 ---------- Run | Yrd Mat Min Mat Machines Disabled 1 | . 1 . . Max in Single Turn 1 | . 1 . . Machines Repaired . | . . . . Machines Dismantled . | . . . . Machines Sabotaged . | . . . . Overloaded Fab Kills . | . . . . Hacking | -11 -10 -10 -9 --------- Run | Yrd Mat Min Mat Machines Accessed 1 | . . . 1 Terminals 1 | . . . 1 Fabricators . | . . . . Repair Stations . | . . . . Recycling Units . | . . . . Scanalyzers . | . . . . Garrison Access . | . . . . Total Hacks 1 | . . . 1 Successful . | . . . . Failed 1 | . . . 1 Catastrophic . | . . . . Database Lockouts . | . . . . Manual . | . . . . Terminals 1 | . . . 1 Fabricators . | . . . . Repair Stations . | . . . . Recycling Units . | . . . . Scanalyzers . | . . . . Garrison Access . | . . . . Terminal Hacks . | . . . . Fabricator Hacks . | . . . . Repair Station Hacks . | . . . . Recycling Unit Hacks . | . . . . Scanalyzer . | . . . . Garrison Access Hacks . | . . . . Unauthorized Hacks . | . . . . Terminals . | . . . . Fabricators . | . . . . Repair Stations . | . . . . Recycling Units . | . . . . Scanalyzers . | . . . . Garrison Access . | . . . . Data Cores Recovered 1 | . . . 1 Used . | . . . . Hacking Detections . | . . . . Full Trace Events . | . . . . Feedback Events . | . . . . Feedback Blocked . | . . . . Robot Schematics Acquired . | . . . . Robots Built . | . . . . Authchips . | . . . . Time . | . . . . Total Robot Build Rating . | . . . . Part Schematics Acquired . | . . . . Parts Built . | . . . . Authchips . | . . . . Time . | . . . . Total Part Build Rating . | . . . . Parts Repaired . | . . . . Time . | . . . . Parts Recycled . | . . . . Recycled Matter . | . . . . Retrieved Matter . | . . . . Retrieved Components . | . . . . Parts Scanalyzed . | . . . . Part Schematics Acquired . | . . . . Parts Damaged . | . . . . Bothacking | -11 -10 -10 -9 ------------ Run | Yrd Mat Min Mat Used RIF Installer . | . . . . Robots Hacked . | . . . . Non-combat . | . . . . Combat . | . . . . Robot Hacks Applied . | . . . . Relay Couplers Released . | . . . . Fabnet Peak Effective % . | . . . . Robots Rewired . | . . . . Allies Hacked . | . . . . Hacks Repelled . | . . . . Allies | -11 -10 -10 -9 -------- Run | Yrd Mat Min Mat Total Allies 1 | . . 1 . Largest Group 1 | . . 1 1 Highest-Rated Group 31 | . . 31 31 Highest-Rated Ally 31 | . . 31 31 Total Orders . | . . . . Ally Attacks 5 | . . . 5 Total Damage 85 | . . . 85 Kills 2 | . . . 2 Allies Corrupted . | . . . . Allies Melted . | . . . . Intel | -11 -10 -10 -9 ------- Run | Yrd Mat Min Mat Robot Analysis Total . | . . . . Derelict Logs Recovered 1 | . . 1 . Drone Launches . | . . . . Drone Recoveries . | . . . . Exploration | -11 -10 -10 -9 ------------- Run | Yrd Mat Min Mat Turns Passed 1739 | 179 163 724 673 Spaces Moved 1002 | 91 94 408 409 Core 13 | 13 . . . Treads 989 | 78 94 408 409 Legs . | . . . . Wheels . | . . . . Hover . | . . . . Flight . | . . . . Fastest Speed 50 | 50 160 160 160 Average Speed 159 | 149 160 160 160 Slowest Speed 160 | 160 160 160 160 Overloaded Moves . | . . . . Propulsion Burnouts . | . . . . Robots Hopped . | . . . . Cave-ins Triggered . | . . . . Exploration Rate (%) 23 | 4 15 60 14 Regions Visited 3 Branch Regions 1 Pre-discovered Areas . | . . . . Known Exits Taken . | . . . . Unknown Exits Taken 3 | 1 1 1 . Scrap Searched 2 | . . 2 . Spaces Dug . | . . . . Terrain Destroyed 37 | 3 . . 34 Melee . | . . . . Projectile 1 | . . . 1 AOE 36 | 3 . . 33 Terrain Rammed . | . . . . Walls Destroyed . | . . . . Machines Disabled . | . . . . Actions | -11 -10 -10 -9 --------- Run | Yrd Mat Min Mat Total 1078 | 112 98 451 417 Wait . | . . . . Move 999 | 90 93 407 409 Hop . | . . . . Pick Up 11 | 5 . 6 . Fast Attach 2 | . . 1 1 Attach 7 | 5 . 2 . Detach 1 | . . . 1 Swap 1 | . . . 1 Drop . | . . . . Fire 57 | 12 5 35 5 Melee . | . . . . Ram . | . . . . Kick . | . . . . Crush . | . . . . Escape Stasis . | . . . . Rewire . | . . . . Trap . | . . . . Miscellaneous . | . . . . Route ------- -11/Scrapyard -10/Materials -10/Mines -9/Materials (discovered 1 exit: [Min]) History --------- Turn | Location | Event 14 | -11/Scrapyard | Discovered new exit (range 15) 180 | -11/Scrapyard | Entered Materials 293 | -10/Materials | Met 8R-AWN 314 | -10/Materials | Build established: Mutant 334 | -10/Materials | Discovered new exit (range 6) 343 | -10/Materials | Entered Mines 345 | -10/Mines | Followed 8R-AWN into the Mines 399 | -10/Mines | Found a damaged Exp. Sensor Array with a note attached 406 | -10/Mines | Found Prototype Device 407 | -10/Mines | Identified Exp. Sensor Array 833 | -10/Mines | Learned Materials terminal intel 911 | -10/Mines | Received a Rocket Launcher from a helpful Derelict 941 | -10/Mines | Received a Mining Laser from a helpful Derelict 1032 | -10/Mines | Discovered new exit (range 8) 1067 | -10/Mines | Entered Materials 1067 | -9/Materials | Accompanied by 1 ally 1067 | -9/Materials | Evolved 2 slots: Power x1, Utility x1 1068 | -9/Materials | Loaded intel: 12 terminal locations 1686 | -9/Materials | Discovered new exit (range 12) 1740 | -9/Materials | Self-destructed Last Messages --------------- 01595_ K-01 Serf collects debris. 01686_ EXIT=FOUND 01693_ G-34 Mercenary destroyed. 01699_ G-47 Trooper destroyed. 01699_ G-34 Mercenary destroyed. 01701_ The unstable cave ceiling collapses. 01724_ K-01 Serf collects debris. 01725_ U-05 Engineer lays Concrete. 01728_ U-05 Engineer builds a Wall. 01728_ U-05 Engineer lays Concrete. 01730_ U-05 Engineer builds a Wall. 01732_ U-05 Engineer lays Concrete. 01734_ K-01 Serf collects debris. 01734_ U-05 Engineer builds a Wall. 01735_ U-05 Engineer lays Concrete. 01736_ The unstable cave ceiling collapses. 01736_ Sml. Laser crushed. 01737_ K-01 Serf suffers critical hit (Burn). 01738_ K-01 Serf collects debris. 01739_ U-05 Engineer lays Concrete. Map ----- +----------------------------------------------------+ | ?????????????????????????????????????????????????# | | ????????????????????????????????????????????????? | | ?????????????????????????????????????????????????# | | ?????????????????????????????????????????????????# | | ?????????????????????????????????????????????????# | | ??????????????????#???????????#??????????????????# | | ???????????????????????????????#?????????????????# | | ??????????????????? ????????????????????????????# | | ????????????????? ???????